 Dungeon Crawl Stone Soup version 0.31-a0-986-g5e6e4ef867 (webtiles) character file.

Game seed: 1209197413520225787

570 Xavori the Trooper (level 7, 0/53 HPs)
             Began as a Djinni Chaos Knight on Nov 8, 2023.
             Was a Plaything of Xom.
             Killed from afar by an orc wizard (3 damage)
             ... with a magic dart
             ... on level 2 of the Dungeon.
             The game lasted 00:03:27 (7974 turns).

Xavori the Trooper (Djinni Chaos Knight)            Turns: 7974, Time: 00:03:27

Health: 0/53       AC:  8    Str: 14    XL:     7   Next: 60%
Gold:   1268       EV: 13    Int: 17    God:    Xom [..*...] SH:  0 Dex: 18

rFire   + + +        a - +0 falchion (chaos)
rCold   . . .        (no shield)
rNeg    . . .        b - +2 leather armour
rPois   ∞            u - +0 helmet
rElec   .            (no cloak)
rCorr   .            (no gloves)
SInv    .            (boots unavailable)
Will    .....        (no amulet)
Stlth   +            j - +6 ring of dexterity
HPRegen 0.28/turn    m - ring of protection from cold
MPRegen 0.00/turn

%: infuse magic (-1 HP)
@: flying
A: sickness immunity, fire resistance 3, cold vulnerability 1, float, innate
caster, HP casting, extra vitality 1, iridescent scales 1, clever 1, mutation
resistance 1, sense surroundings 2, strong 1, MP-powered wands
a: Renounce Religion


You were on level 2 of the Dungeon.
You worshipped Xom.
You were a toy of Xom.
You visited 1 branch of the dungeon, and saw 3 of its levels.

You collected 1268 gold pieces.

Inventory:

Hand Weapons
 a - a +0 falchion of chaos (weapon)
Armour
 b - a +2 leather armour (worn)
 u - a +0 helmet (worn)
Jewellery
 j - a +6 ring of dexterity (left hand)
 m - a ring of protection from cold (right hand)
 p - a +5 ring of evasion
Scrolls
 c - a scroll of butterflies
 d - a scroll of fog {unknown}
 f - a scroll of fear {unknown}
 g - a scroll of amnesia {unknown}
 h - 2 scrolls of identify {unknown}
 i - 3 scrolls of teleportation {unknown}
 k - a scroll of silence {unknown}
 l - a scroll of enchant weapon {unknown}
 n - a scroll of revelation {unknown}
 s - a scroll of enchant armour {unknown}
Potions
 q - a potion of degeneration
 r - a potion of enlightenment


   Skills:
 + Level 4.3 Fighting
 + Level 4.0 Long Blades
 + Level 3.2 Armour
 + Level 4.1 Dodging
 * Level 2.6 Spellcasting
 * Level 2.6 Conjurations
 * Level 2.6 Hexes
   Level 0.0 Charms
 * Level 2.6 Summonings
 * Level 2.6 Necromancy
 * Level 2.6 Translocations
 * Level 2.6 Transmutations
 * Level 2.6 Fire Magic
 * Level 2.6 Ice Magic
 * Level 2.6 Air Magic
 * Level 2.6 Earth Magic
 * Level 2.6 Poison Magic


You knew the following spells:

 Your Spells              Type           Power      Damage    Failure   Level
a - Magic Dart            Conj           44%        1d5       8%          1
b - Lesser Beckoning      Tloc           22%        N/A       11%         2
c - Summon Guardian Gole  Hex/Summ       11%        N/A       22%         3
Your spell library was empty.

Dungeon Overview and Level Annotations

Branches:
Dungeon (3/15)

Altars:
Xom


Innate Abilities, Weirdness & Mutations

You are immune to sickness and miasma.
You are immune to poison.
Your flesh is almost immune to the effects of heat. (rF+++)
You are vulnerable to cold. (rC-)
You float through the air rather than walking.
You learn spells naturally, not from books.
Your magical power is your life essence.
You have superior vitality. (+4 MHP)
You are partially covered in iridescent scales. (AC +2)
Your mind is acute. (Int +4, Str/Dex -1)
You are somewhat resistant to further mutation.
You passively map the area around you.
Your muscles are strong. (Str +4, Int/Dex -1)
You expend health (3 HP) to strengthen your wands.


Message History

The cerulean imp completely misses you. Natasha attacks as she pursues you!
Natasha closely misses you.
The cerulean imp attacks as it pursues you!
The cerulean imp hits you but does no damage.
The orc priest calls down the wrath of Beogh upon you.
Beogh smites you!
* * * LOW HITPOINT WARNING * * *
Natasha claws you.
* * * LOW HITPOINT WARNING * * *
There is an escape hatch in the ceiling here.
The cerulean imp hits you but does no damage.
Something hits you but does no damage. Natasha claws you but does no damage.
A mysterious force pulls you upwards. The hatch slams shut behind you.
The cerulean imp disappears in a puff of smoke!
Reactivating autopickup.
You slash Natasha!
You kill Natasha!
You feel Natasha's spirit has finally been put to rest.
Something hits you but does no damage.
Deactivating autopickup; reactivate with Ctrl-A.
Your Long Blades skill increases to level 4!
You start resting.
Something hits you but does no damage.
You start resting.
Something hits you.
* * * LOW HITPOINT WARNING * * *
It was a potion of haste.
You feel yourself speed up. Something barely misses you.
It was a potion of cancellation.
Your magical effects are unravelling.
You feel magically purged.
Xom roars with laughter!
You feel yourself slow down.
Your enlightenment fades.
Something hits you but does no damage.
It was a potion of magic.
Magic washes over you without effect.
Xom roars with laughter!
Something hits you.
* * * LOW HITPOINT WARNING * * *
A magic dart appears from out of thin air!
The magic dart hits you.
You die... "Boring in life, boring in death..."

.###...###......# #........# ##
##..###......# #.########
######.......########.#
##.......##...........#
.........##...........#
##<......##...........#
##.......###.########.#
##........##.########.#
##........##....@.{...#
##........######################
#########...........>..........#
# #####################.## # #.#
# #.# # #.# #.# ########.#


There were no monsters in sight!

Vanquished Creatures
  Grinder (D:3)
  A phantom (D:3)
  An orc priest (D:2)
  Terence (D:3)
  Natasha (thrice) (D:3 D:2)
  An orc wizard (D:2)
  Robin (D:3)
  7 adders
  3 dart slugs
  An orc (D:2)
  9 bats
  4 endoplasms
  2 giant cockroaches (D:2)
  14 goblins
  8 hobgoblins
  7 jackals
  A quokka (D:2)
  6 ball pythons
  4 kobolds
  5 rats
80 creatures vanquished.

Notes
Turn   | Place    | Note
-------+----------+-------------------------------------------
     0 | D:1      | Xavori the Djinni Chaos Knight began the quest for the Orb.
     0 | D:1      | Reached XP level 1. HP: 20/20 MP: 0/0
    29 | D:1      | Reached XP level 2. HP: 17/25 MP: 0/0
   101 | D:1      | XOM: divination: magic mapping
   276 | D:1      | Reached XP level 3. HP: 30/30 MP: 0/0
   276 | D:1      | Learned a level 1 spell: Magic Dart
   703 | D:2      | XOM: silly message
  1131 | D:1      | XOM: scenery: create altars
  1353 | D:1      | XOM: cloud trail
  1379 | D:1      | XOM: give mutation
  2062 | D:1      | XOM: cloud trail
  2419 | D:1      | XOM: cloud trail
  3242 | D:1      | XOM: god gift: 46 gold pieces
  3266 | D:1      | XOM: god gift: 1077 gold pieces
  3838 | D:1      | XOM: 5-stop teleportation journey
  3936 | D:2      | XOM: 2-stop teleportation journey
  4047 | D:1      | XOM: god gift: ring mail {god gift}
  4460 | D:1      | XOM: cloud trail
  4913 | D:1      | XOM: give mutations
  4913 | D:1      | Gained mutation: You passively map a small area around you.
                  | [Xom's grace]
  4913 | D:1      | Gained mutation: You are somewhat resistant to further
                  | mutation. [Xom's grace]
  4913 | D:1      | Gained mutation: You expend health (3 HP) to strengthen
                  | your wands. [Xom's grace]
  5168 | D:1      | XOM: god gift: 6 stones
  5566 | D:1      | XOM: give mutations
  5566 | D:1      | Gained mutation: You passively map the area around you.
                  | [Xom's grace]
  5566 | D:1      | Gained mutation: Your muscles are strong. (Str +4, Int/Dex
                  | -1) [Xom's grace]
  5566 | D:1      | Gained mutation: Your flesh is almost immune to the effects
                  | of heat. (rF+++) [Xom's grace]
  5615 | D:1      | XOM: give mutations
  5615 | D:1      | Gained mutation: Your mind is acute. (Int +4, Str/Dex -1)
                  | [Xom's grace]
  5615 | D:1      | Gained mutation: You are partially covered in iridescent
                  | scales. (AC +2) [Xom's grace]
  5621 | D:1      | XOM: divination: detect items
  5760 | D:2      | XOM: god gift: knobbly peridot ring {god gift}
  5891 | D:2      | Reached skill level 1 in Spellcasting
  5891 | D:2      | Reached skill level 1 in Conjurations
  5891 | D:2      | Reached skill level 1 in Hexes
  5891 | D:2      | Reached skill level 1 in Summonings
  5891 | D:2      | Reached skill level 1 in Necromancy
  5891 | D:2      | Reached skill level 1 in Translocations
  5891 | D:2      | Reached skill level 1 in Transmutations
  5891 | D:2      | Reached skill level 1 in Fire Magic
  5891 | D:2      | Reached skill level 1 in Ice Magic
  5891 | D:2      | Reached skill level 1 in Air Magic
  5891 | D:2      | Reached skill level 1 in Earth Magic
  5891 | D:2      | Reached skill level 1 in Poison Magic
  6093 | D:2      | Reached XP level 4. HP: 33/35 MP: 0/0
  6218 | D:2      | XOM: 3-stop teleportation journey
  6233 | D:2      | XOM: 1-stop teleportation journey
  6708 | D:3      | Noticed Grinder
  6731 | D:3      | Paralysed by Grinder for 5 turns
  6732 | D:3      | XOM: confuse monster(s)
  6735 | D:3      | XOM: divination: detect items
  6747 | D:3      | Killed Grinder
  6748 | D:3      | Reached XP level 5. HP: 22/41 MP: 0/0
  6748 | D:3      | Learned a level 2 spell: Lesser Beckoning
  6748 | D:3      | Reached XP level 6. HP: 25/47 MP: 0/0
  6958 | D:3      | Noticed Terence
  6985 | D:3      | Killed Terence
  7027 | D:3      | XOM: silly message
  7117 | D:3      | XOM: silly message
  7127 | D:2      | Reached XP level 7. HP: 10/52 MP: 0/0
  7127 | D:2      | Learned a level 3 spell: Summon Guardian Golem
  7471 | D:3      | Noticed Robin
  7483 | D:3      | XOM: divination: detect creatures
  7503 | D:3      | Killed Robin
  7737 | D:3      | Noticed Natasha
  7743 | D:3      | Killed Natasha
  7811 | D:3      | XOM: silly message
  7932 | D:3      | Noticed Natasha
  7940 | D:3      | Killed Natasha
  7950 | D:3      | Noticed Natasha
  7968 | D:2      | Killed Natasha
  7973 | D:2      | HP: 2/53 [something (3)]
  7974 | D:2      | Killed from afar by an orc wizard

Illustrated notes

Levels and vault maps discovered:
D:1:      psy_arrival_spokes, layout_rooms
D:2:      minmay_alternating_diamond, layout_basic
D:3:      layout_rooms, kennysheep_nub, chequers_garden, corexii_shack,
          uniq_grinder, uniq_natasha, uniq_robin, uniq_terence

Skill      XL: |  1  2  3  4  5  6  7 |
---------------+----------------------+-----
Long Blades    | 3 4 |  4.0
Spellcasting   | 1 2 |  2.6
Conjurations   | 1 2 |  2.6
Hexes          | 1 2 |  2.6
Summonings     | 1 2 |  2.6
Necromancy     | 1 2 |  2.6
Translocations | 1 2 |  2.6
Transmutations | 1 2 |  2.6
Fire Magic     | 1 2 |  2.6
Ice Magic      | 1 2 |  2.6
Air Magic      | 1 2 |  2.6
Earth Magic    | 1 2 |  2.6
Poison Magic   | 1 2 |  2.6
Armour         | 2 3 |  3.2
Dodging        | 3 4 |  4.1
Fighting       | 4 |  4.3

Action                     |  1- 3 |  4- 6 |  7- 9 || total
---------------------------+-------+-------+-------++-------
  Melee: Falchion          |    63 |    96 |    84 ||   243
         Punch             |       |     1 |     2 ||     3
    Use: Potion            |       |     1 |     5 ||     6
   Stab: Confused          |       |     2 |       ||     2
         Sleeping          |       |     1 |       ||     1
 Armour: Leather armour    |    42 |    66 |    86 ||   194
  Dodge: Dodged            |    43 |    73 |    63 ||   179

Table legend: (Time is in decaauts)
 A = Elapsed time spent in this place.
 B = Non-inter-level travel time spent in this place.
 C = Inter-level travel time spent in this place.
 D = Time resting spent in this place.
 E = Time spent auto-exploring this place.
 F = Levels seen in this place.
 G = Mean time per level.
                   A        B        C        D        E       F      G
               +--------+--------+--------+--------+--------+-----+--------+
         Total |   8007 |   7891 |    116 |   5524 |   1801 |   3 | 2669.0 |
       Dungeon |   8007 |   7891 |    116 |   5524 |   1801 |   3 | 2669.0 |
               +--------+--------+--------+--------+--------+-----+--------+

Top non-repeatable levels by time:
     D:1: 5221 daAuts
     D:2: 1801 daAuts
     D:3: 984 daAuts
